cohdb
Replays
Latest Replays
All Replays
Popular Replays
Top Player Replays
Match Explorer
How It Works
Community
CoH3 Stats
Reddit
Sign in to upload your games and track your stats! →
Sign in with Steam
Match 22865935
Unlisted
Match 22865935
Overview
Messages
Build Orders
End
Construct Infanterie Kompanie
Grenadier Squad
Selects Breakthrough Battlegroup
Selects Assault Grenadiers
MG 42 Machine Gun Team
GrW 34 Mortar Team
Grenadier Squad
Medical Station
Construct Luftwaffe Kompanie
Luftwaffe Officer Quarters
Pioneer Squad
MG 42 Machine Gun Team
Selects Rapid Production
Grenadier Squad
413005993
Cal-The-Cammel
cokernuts
LuiSBa
Williams
Eber
0
0
Comments
sign in to comment!
No comments posted yet!